 Dungeon Crawl Stone Soup version 0.20.1-1-g8b1a95d (webtiles) character file.

487 Kagerus the Slasher (level 7, -1/52 HPs)
             Began as a Human Fighter on July 28, 2017.
             Slain by a soul eater (6 damage)
             ... summoned by a kobold demonologist
             ... on level 5 of the Dungeon.
             The game lasted 00:11:12 (4156 turns).

Kagerus the Slasher (Human Fighter)                 Turns: 4156, Time: 00:11:13

Health: -1/52      AC: 13    Str: 18    XL:     7   Next: 36%
Magic:  7/7        EV:  5    Int:  8    God:
Gold:   197        SH:  0    Dex: 17    Spells: 6/6 levels left

rFire    . . .     SeeInvis .   x - +0 scimitar
rCold    . . .     Gourm    .   (no shield)
rNeg     . . .     Faith    .   l - +1 plate armour
rPois    .         Spirit   .   (no helmet)
rElec    .         Reflect  .   (no cloak)
rCorr    .         Harm     .   h - +0 pair of gloves
MR       .....                  (no boots)
Stlth    ..........             (no amulet)
Regen    0.2/turn               o - ring of wizardry
MPRegen  0.1/turn               v - +4 ring of dexterity

@: drained
A: no striking features
a: no special abilities


You were on level 5 of the Dungeon.
You were hungry.

You visited 1 branch of the dungeon, and saw 5 of its levels.

You collected 197 gold pieces.

Inventory:

Hand Weapons
 a - a +0 long sword
 t - a +0 shortbow
 x - a +0 scimitar (weapon)
Missiles
 y - 13 arrows
Armour
 h - a +0 pair of gloves (worn)
 l - a +1 plate armour (worn)
 q - a +0 shield
Jewellery
 b - an uncursed ring of see invisible {unknown}
 o - a ring of wizardry (left hand)
 v - a +4 ring of dexterity (right hand)
Wands
 r - a wand of flame (10/48)
Scrolls
 c - 2 scrolls of identify
 k - a scroll of magic mapping
Potions
 d - a potion of might
 e - a potion of resistance {unknown}
 g - 2 potions of heal wounds
 j - a potion of haste {unknown}
 n - a potion of invisibility
 p - 3 potions of curing
 s - 2 potions of mutation {unknown}
 u - a potion of agility {unknown}
 w - a potion of cancellation {unknown}
 z - a potion of flight {unknown}
Comestibles
 f - 4 bread rations
 i - a meat ration
 m - 2 royal jellies


   Skills:
 - Level 3.0(2.2) Fighting
 + Level 7.5(6.7) Long Blades
 - Level 3.0(2.2) Armour
 - Level 3.0(2.2) Shields


You had 6 spell levels left.
You didn't know any spells.

Dungeon Overview and Level Annotations

Branches:
Dungeon (5/15)
 Temple: D:4-7

Altars:
Ashenzari
Hepliaklqana
Qazlal
Zin

Annotations:
D:5 1 transporter


Message History

You barely miss the crimson imp.
The crimson imp is moderately wounded.
The crimson imp hits you.
You barely miss the crimson imp.
The crimson imp is lightly wounded.
The soul eater draws from the surrounding life force!
The crimson imp hits you but does no damage.
You slash the crimson imp!
The crimson imp is heavily wounded.
The ufetubus disappears in a puff of smoke!
The orc shouts!
You hit the soul eater but do no damage.
You hit the soul eater but do no damage.
The soul eater hits you!
You feel drained.
Okay, then.
Your plate armour prevents you from hitting the soul eater.
The soul eater hits you!
* * * LOW HITPOINT WARNING * * *
You feel drained.
You die...

...#####'########....
...#............#.....###
...#............#........
...#...............o.....
...#..........###########
...#..........#8P#(......
...#+####'###.#P.#≈≈≈≈≈≈≈#.P#.#
..............#..#..≈≈≈..#.$#..
.............©#.@35.≈⌠≈..'!©#..
............#..#..≈≈≈..#.$#..
............#P.#≈≈≈≈≈≈≈#.P#..
##########..#8P#5K5....#≈8#..
+..###############..
#...................
#.........#...#...#.
#.........##+## ## ##....##+##


You could see a soul eater, a kobold demonologist, a crimson imp, 2 shadow imps
and an orc.

Vanquished Creatures
  The ghost of WobbleTop the Sneak, an amateur FoAs (D:3)
  The ghost of WobbleTop the Sneak, an amateur VSWr (D:4)
  A centaur (D:5)
  A hound (D:4)
  An orc priest (D:5)
  A gnoll (D:4)
  3 adders
  A shadow imp (D:5)
  3 oozes
  3 worms
  4 leopard geckos
  5 bats
  3 giant cockroaches (D:1)
  7 goblins
  5 hobgoblins
  4 jackals (D:2)
  3 frilled lizards
  5 kobolds
  A leopard gecko skeleton (D:4)
  6 rats
59 creatures vanquished.

Notes
Turn   | Place    | Note
-------+----------+-------------------------------------------
     0 | D:1      | Kagerus the Human Fighter began the quest for the Orb.
     0 | D:1      | Reached XP level 1. HP: 18/18 MP: 1/1
   151 | D:1      | Reached XP level 2. HP: 24/24 MP: 2/2
   287 | D:1      | Reached skill level 3 in Long Blades
   650 | D:1      | Reached XP level 3. HP: 29/29 MP: 3/3
   740 | D:2      | Found a stormy altar of Qazlal.
   919 | D:2      | Found a hazy altar of Hepliaklqana.
   994 | D:2      | Reached XP level 4. HP: 27/35 MP: 4/4
  1009 | D:2      | Reached skill level 4 in Long Blades
  1434 | D:2      | Found a glowing silver altar of Zin.
  1698 | D:3      | Found a shattered altar of Ashenzari.
  1859 | D:3      | Noticed WobbleTop's ghost (amateur FoAs)
  1896 | D:3      | Killed WobbleTop's ghost
  1896 | D:3      | Reached skill level 5 in Long Blades
  1896 | D:3      | Reached XP level 5. HP: 19/41 MP: 5/5
  1896 | D:3      | Reached XP level 6. HP: 21/47 MP: 6/6
  2356 | D:4      | Noticed WobbleTop's ghost (amateur VSWr)
  2356 | D:4      | Reached skill level 6 in Long Blades
  2378 | D:4      | Killed WobbleTop's ghost
  2391 | D:4      | Noticed an ogre
  3264 | D:4      | Reached XP level 7. HP: 49/52 MP: 7/7
  3336 | D:5      | Entered Level 5 of the Dungeon
  3420 | D:5      | Found a transporter.
  3423 | D:5      | Noticed a kobold demonologist
  3436 | D:5      | Found a transporter.
  3459 | D:5      | Reached skill level 7 in Long Blades
  4148 | D:5      | Noticed a soul eater
  4156 | D:5      | Slain by a soul eater

Skill      XL: |  1  2  3  4  5  6  7 |
---------------+----------------------+-----
Long Blades    | 3 5 6 7 |  7.5
Fighting       | |  3.0
Armour         | |  3.0
Shields        | |  3.0

Action                   |  1- 3 |  4- 6 |  7- 9 || total
-------------------------+-------+-------+-------++-------
Melee: Long sword        |    69 |    99 |       ||   168
       Scimitar          |       |    78 |    21 ||    99
 Fire: Shortbow          |       |       |    14 ||    14
Evoke: Wand              |       |       |     3 ||     3
  Use: Scroll            |       |     7 |     3 ||    10
  Eat: Chunk             |       |     5 |       ||     5
       Meat ration       |       |     1 |       ||     1
Armor: Scale mail        |    26 |       |       ||    26
       Plate armour      |     7 |   134 |    16 ||   157
Dodge: Dodged            |    12 |    21 |     3 ||    36
Block: Shield            |    34 |    98 |     2 ||   134
       Rpst.: Long sword |     3 |     5 |       ||     8
       Scimitar          |       |     4 |     1 ||     5
